Map: Catallena LE (Void)

Players

Pokebunny - Winner!

  • Race: Terran Terran
  • Spawn Location: 5:00

UpATree

  • Race: Terran Terran
  • Spawn Location: 9:00

Event: WCS Montreal 2017

VOD

Have the link to the VOD?

Description

Time

  • Played on: Sept. 8, 2017, 12:29 p.m.
  • Length: 7:41

All games in this series

Show
View Real Time Build Order
Export as new Build Order

Pokebunny Terran - Winner!

Build Orders: 1/1/1 

Get SALT Encoding   

  12  0:00  SCV  
  13  0:13  SCV  
  14  0:17  Supply Depot  
  14  0:25  SCV  
  15  0:29  Refinery  
  15  0:38  SCV  
  16  0:45  Barracks  
  16  0:51  SCV  
  17  0:57  Refinery  
  17  1:03  SCV  
  18  1:15  SCV  
  19  1:32  Orbital Command  
  19  1:33  Reaper  
  19  1:37  Factory  
  20  1:44  Supply Depot  
  20  1:58  SCV  
  21  2:05  Reaper  
  22  2:10  SCV  
  23  2:22  SCV  
  24  2:27  Starport, Hellion  
  26  2:30  Supply Depot  
  26  2:37  SCV, Reaper  
  28  2:49  Hellion  
  30  2:55  SCV  
  31  3:04  Medivac  
  33  3:07  SCV  
  33  3:10  Supply Depot  
  33  3:12  Cyclone  
  37  3:14  Barracks Tech Lab  
  37  3:19  SCV  
  38  3:33  Command Center  
  38  3:35  SCV  
  39  3:42  Barracks Reactor  
  39  3:46  Raven  
  41  3:49  Factory Tech Lab  
  41  3:54  SCV  
  42  3:57  Supply Depot  
  42  4:06  SCV  
  43  4:27  Siege Tank, Marine x2  
  48  4:32  Viking  
  48  4:33  SCV  
  51  4:42  Refinery  
  51  4:45  Marine x2  
  53  4:46  Orbital Command, SCV  
  54  4:53  Supply Depot  
  54  4:59  Siege Tank  
  56  5:13  SCV x2  
  57  5:15  Barracks, Starport Reactor  
  57  5:16  Barracks  
  57  5:18  Engineering Bay  
  55  5:25  Marine, SCV  
  55  5:26  Stimpack  
  55  5:28  SCV  
  50  5:37  SCV  
  50  5:40  Siege Tank, SCV  
  56  5:50  Marine, SCV  
  56  5:52  SCV  
  58  6:02  SCV  
  58  6:03  Supply Depot  
  60  6:04  SCV  
  60  6:08  Barracks Reactor  
  60  6:21  Siege Tank, Marine x2  
  60  6:22  Marine  
  60  6:23  Viking  
  60  6:24  SCV  
  69  6:37  SCV x2  
  69  6:39  Supply Depot  
  71  6:46  Marine  
  71  6:47  Marine x4  
  76  6:58  Barracks, SCV  
  76  6:59  Barracks, SCV  
  78  7:08  Marine  
  78  7:09  Siege Tank, Marine  
  78  7:10  SCV  
  78  7:13  SCV  
Show
View Real Time Build Order
Export as new Build Order

UpATree Terran 

Build Orders: 1/1/1, Cyclone Opening 

Get SALT Encoding   

  12  0:00  SCV  
  13  0:13  SCV  
  14  0:19  Supply Depot  
  14  0:25  SCV  
  15  0:30  Refinery  
  15  0:40  SCV  
  16  0:46  Barracks  
  16  0:52  SCV  
  17  0:57  Refinery  
  17  1:04  SCV  
  18  1:16  SCV  
  20  1:34  Factory  
  20  1:37  Orbital Command  
  19  1:42  Reaper  
  20  1:52  Supply Depot  
  20  2:02  SCV  
  21  2:14  Reaper  
  22  2:20  Starport  
  22  2:27  Cyclone  
  24  2:32  SCV  
  25  2:46  Supply Depot  
  25  2:48  Reaper  
  26  2:55  SCV  
  27  3:06  Cyclone  
  27  3:09  SCV  
  31  3:14  Medivac  
  33  3:21  SCV  
  33  3:22  Barracks Tech Lab  
  34  3:35  SCV  
  35  3:46  Command Center  
  35  3:49  SCV  
  35  3:53  Cyclone  
  39  3:58  Supply Depot  
  31  4:18  Raven, SCV  
  33  4:30  SCV  
  33  4:36  Factory Tech Lab  
  34  4:42  SCV  
  34  4:51  Supply Depot, Barracks Reactor  
  34  4:54  SCV  
  34  4:59  Orbital Command  
  34  5:11  Viking  
  34  5:12  SCV  
  37  5:24  SCV  
  38  5:34  Marine x2  
  38  5:35  Siege Tank  
  43  5:37  SCV x2  
  37  5:49  SCV  
  37  5:50  SCV  
  38  5:59  Barracks  
  38  6:01  SCV  
  38  6:03  Marine, SCV  
  41  6:13  SCV  
  42  6:22  SCV  
  42  6:25  Marine, Starport Reactor, SCV  
  45  6:27  Siege Tank  
  48  6:34  SCV  
  48  6:37  SCV  
  49  6:44  Barracks  
  49  6:46  SCV  
  50  6:47  Barracks  
  50  6:49  SCV  
  50  6:50  Starport Reactor  
  49  6:57  Marine  
  50  7:11  SCV x2  
  50  7:15  Engineering Bay x2  
  55  7:17  Supply Depot x2, Marine  
  56  7:23  SCV  
Tags
 
Add a new tag
Caveats
  • Supply blocks, unpowered buildings, or Contaminate may cause inaccurate times.
  • Supply counts are checked every 10 seconds.